[Event "*** Titled Tuesday Blitz"]
[Site "Chess.com"]
[Date "2021.04.06"]
[Round "5"]
[White "Witik"]
[Black "ama18"]
[Result "1-0"]
[WhiteElo "2727"]
[BlackElo "2508"]
[TimeControl "180+1"]
[EndTime "10:58:54 PDT"]
[Termination "Witik won on time"]

1. d4 Nf6 2. Bf4 e6 3. e3 b6 4. Nf3 Bb7 5. h3 c5 6. c3 d6 7.
Nbd2 cxd4 8. exd4 Be7 9. Bd3 O-O 10. O-O Nbd7 11. Re1 Re8 12. Bh2 Qc7 13. a4 a6 14. Nc4 Bf8 15. Bf1 Rac8 16. Nfd2 g6 17. Qb3 Bd5 18. Qc2 Bb7 19. Ne3 Nh5 20. Qd1 Nhf6 21.
Nf3 e5 22. dxe5 Nxe5 23. Nd4 d5 24. Kh1 Bd6 25. Qc2 Nc4 26. Bxd6 Qxd6 27. Ng4 Nxg4 28.
hxg4 Ne5 29. f3 Nd7 30. Qf2 Qf4 31. g3 Qd6 32. g5 f6 33. gxf6 Nxf6 34. Kg2 Rxe1 35.
Rxe1 Re8 36. Rxe8+ Nxe8 37. Qe3 Nf6 38. Bd3 Bc8 39.
f4 Qd7 40. Kf1 Qh3+ 41. Ke1 Qd7 42. Kd2 Bb7 43. Kc2 Ne4 44. b3 Qc7 45. Be2 Bc8 46. Kb2 Bb7 47. g4 Qd6 48. Bf3 Qf6 49. Be2 Qd6 50. g5 Qd7 51. c4 dxc4 52. Bxc4+ Kh8 53. Bd3 Nd6 54. Qe5+ Kg8 55. Ne6 Qf7 56. Qxd6 Bc8 57.
Qd8+ 1-0

[Event "*** Titled Tuesday Blitz"]
[Site "Chess.com"]
[Date "2021.04.06"]
[Round "5"]
[White "Bulldog167"]
[Black "elohunter1999"]
[Result "1-0"]
[WhiteElo "2789"]
[BlackElo "2532"]
[TimeControl "180+1"]
[EndTime "10:58:54 PDT"]
[Termination "Bulldog167 won by resignation"]

1. c4 c5 2. g3 g6 3. Bg2 Bg7 4. Nf3 Nc6 5. O-O e6 6. Nc3 Nge7 7.
e4 O-O 8. d3 d5 9. exd5 exd5 10. Bg5 h6 11. cxd5 hxg5 12. dxc6 Nxc6 13. h4 gxh4 14.
Nxh4 Ne5 15. Bd5 Bh3 16. Re1 Qd6 17. Qb3 Ng4 18. Ne4 Qb6 19. Qxb6 axb6 20. Nxg6 Rfd8 21. Nf4 Ne5 22. Ng5 Bf5 23. Rad1 Bf6 24. Ne4 Nf3+ 25. Kf1 Bxb2 26. Re3 Nd4 27. Ng5 Kg7 28. Rb1 Bc3 29. Rxb6 Bd2 30. Rxb7 Bxe3 31. Rxf7+ Kh6 32. Rxf5 Nxf5 33. Nf7+ Kh7 34. Nxd8 Rxd8 35. Be4 Bxf4 36. Bxf5+ Kg7 37. gxf4 Kf6 38. Be4 Rd4 39. Ke2 Ra4 40. Bd5 Kf5 41. Ke3 Rxf4 42. Bc4 Ke5 43. a4 Rf8 44. a5 Ra8 45. f4+ Kf5 46. a6 Ra7 47.
Kf3 Kf6 48. Ke4 Rd7 49. Ke3 Ra7 50. Ke4 Rd7 51. Bd5 Re7+ 52. Kf3 Ra7 53. Bb7 Kf5 54. Ke3 Kf6 55. Ke4 Ke6 56. f5+ Kf6 57. Kf4 Ke7 58.
Ke5 Kf7 59. Kd5 Kf6 60. Kxc5 Kxf5 61. Kb6 Rxa6+ 62. Bxa6 1-0

[Event "*** Titled Tuesday Blitz"]
[Site "Chess.com"]
[Date "2021.04.06"]
[Round "5"]
[White "juancruzarias"]
[Black "TheMagicMaik"]
[Result "0-1"]
[WhiteElo "2556"]
[BlackElo "2418"]
[TimeControl "180+1"]
[EndTime "10:58:58 PDT"]
[Termination "TheMagicMaik won on time"]

1. d4 Nf6 2. Nf3 e6 3. e3 b6 4. Bd3 Bb7 5. O-O Be7 6. c4 O-O 7. Nc3 d6 8. d5 e5 9. e4 Nbd7 10. Rb1 Nh5 11. b4 Nf4 12. Bc2 Ng6 13. Nd2 a5 14. a3 axb4 15. axb4 Bg5 16. Nb3 Bxc1 17.
Qxc1 Qh4 18. Qe3 Nf6 19. c5 Ra3 20. Ra1 Rfa8 21. Rxa3 Rxa3 22. Ra1 Rxa1+ 23. Nxa1 bxc5 24.
bxc5 dxc5 25. Nb3 c4 26. Nd2 Bc8 27. Nxc4 Ng4 28. Qg3 Qg5 29. Ne3 h6 30. Ncd1 Nf4 31. Qf3 h5 32. h3 Nxe3 33. Nxe3 Nxh3+ 34. Kf1 Nf4 35. g3 Bh3+ 36. Kg1 Ng6 37. Bb3 Bg4 38. Qg2 Qe7 39. Qf1 Qb4 40. Bd1 Bxd1 41. Qxd1 h4 42. gxh4 Qxe4 43. h5 Nf4 44. Qg4 Qb1+ 45. Kh2 Qe1 46. Qg3 Ne2 47. Qg2 Nf4 48. Qf3 Ne2 49. h6 Qg1+ 50. Kh3 Nf4+ 51. Kh4 Qh2+ 52. Kg4 gxh6 53. Qg3 h5+ 54. Kf5+ Qxg3 55. fxg3 Ne2 56. Nf1 Kg7 57. Kxe5 Kg6 58. Ke4 Kg5 0-1

[Event "*** Titled Tuesday Blitz"]
[Site "Chess.com"]
[Date "2021.04.06"]
[Round "5"]
[White "beautroll"]
[Black "SirStrateg"]
[Result "0-1"]
[WhiteElo "2467"]
[BlackElo "2638"]
[TimeControl "180+1"]
[EndTime "10:58:59 PDT"]
[Termination "SirStrateg won by resignation"]

1. e4 Nf6 2. e5 Nd5 3. d4 Nb6 4. a4 a5 5. Nf3 d5 6. exd6 cxd6 7. Bd3 Nc6 8. c3 g6 9. O-O Bg7 10. Bf4 O-O 11. Re1 e5 12. Bg5 Qc7 13. dxe5 dxe5 14.
Nbd2 h6 15. Be3 Nd5 16. Nc4 Nxe3 17. Rxe3 Rd8 18. Qc2 f5 19. Bf1 e4 20. Nfd2 Be6 21.
f3 Be5 22. Nxe5 Nxe5 23. Kh1 Qc5 24. Rae1 Rd6 25. fxe4 f4 26. R3e2 Bg4 27. Nb3 Qb6 28.
Rd2 Rad8 29. Rd4 Be6 30. Rxd6 Rxd6 31. Nd4 Kg7 32. Qf2 g5 33. h3 Kf6 34. g3 f3 35.
Re3 g4 36. hxg4 Bxg4 37. Kg1 Rxd4 38. cxd4 Qxd4 39. Kh1 Kg5 40. Qe1 b6 41. Qc3 Qd6 42. Kg1 h5 43. Re1 Be6 44. Qe3+ Kg6 45. Qf4 Qc5+ 46. Kh1 f2 47. Re2 Ng4 48. e5 Bd5+ 49. Bg2 Bxg2+ 50. Kxg2 Qd5+ 51. Qf3 Qd1 52. Qe4+ Kg7 53.
Rxf2 Qh1+ 54. Kxh1 Nxf2+ 55. Kg2 Nxe4 56. Kf3 Nc5 57. Kf4 Nxa4 58. Kg5 Nxb2 59. Kxh5 Nc4 60. e6 Kf6 61. g4 Ne5 62. g5+ Kxe6 0-1

[Event "*** Titled Tuesday Blitz"]
[Site "Chess.com"]
[Date "2021.04.06"]
[Round "5"]
[White "PavelShkapenko"]
[Black "AttilaTurzo"]
[Result "1-0"]
[WhiteElo "2726"]
[BlackElo "2509"]
[TimeControl "180+1"]
[EndTime "10:59:00 PDT"]
[Termination "PavelShkapenko won on time"]

1. e4 c6 2. d4 d5 3. e5 Bf5 4. h4 h5 5. Bd3 Bxd3 6. Qxd3 e6 7. Bg5 Qb6 8. Nd2 Qa6 9. c4 Ne7 10. Ne2 Nf5 11. O-O c5 12. Qb3 dxc4 13. Nxc4 cxd4 14. a4 Nc6 15. Qb5 Bb4 16. Rfc1 O-O 17. Nf4 g6 18. Nd3 Be7 19. g3 Rfc8 20. b4 Qxb5 21.
axb5 Nxb4 22. Nxb4 Bxb4 23. Ra4 Bc3 24. Nd6 Rc5 25.
b6 a6 26. Nxb7 Rb5 27. Nd6 Rxb6 28. Ne4 Bb2 29. Rb1 d3 30. Bd2 Nd4 31. Kg2 Nc2 32. Ra2 Rab8 33. Nf6+ Kg7 34. Nd7 Bd4 35. Nxb6 Rxb6 36.
Rxb6 Bxb6 37. Rxa6 Bd4 38. Rd6 Bxe5 39. Rxd3 Nd4 40.
Bc3 Nc6 41. Bxe5+ Nxe5 42. Ra3 Ng4 43. Ra7 Ne5 44. f3 Nc6 45. Rc7 Ne5 46. Kf2 Kf6 47. Ke3 Kg7 48. Kf4 Kf6 49. Rb7 Nd3+ 50. Ke3 Nc5 51.
Rc7 Na6 52. Ra7 Nc5 53. g4 e5 54. Ra5 Ne6 55. Ke4 hxg4 56. fxg4 Nf4 57. Rxe5 Ng2 58. g5+ Kg7 59. h5 gxh5 60. Kf3 Nh4+ 61. Kf2 Ng6 62. Re4 Nf8 63. Kf3 Kg6 64. Rf4 Ne6 65. Rf6+ 1-0

[Event "*** Titled Tuesday Blitz"]
[Site "Chess.com"]
[Date "2021.04.06"]
[Round "5"]
[White "IMAghasiyevKamal"]
[Black "PushingpawnsNYC"]
[Result "1/2-1/2"]
[WhiteElo "2511"]
[BlackElo "2307"]
[TimeControl "180+1"]
[EndTime "10:59:00 PDT"]
[Termination "Game drawn - insufficient material"]

1. d4 Nf6 2. c4 g6 3. f3 Bg7 4. e4 d6 5. Nc3 O-O 6. Be3 c6 7. Qd2 a6 8. Bd3 b5 9. cxb5 axb5 10.
Nge2 e5 11. dxe5 dxe5 12. b4 Be6 13. O-O Nfd7 14. a4 bxa4 15. Nxa4 Na6 16. Rfc1 Qb8 17. Rab1 Rc8 18. Bc4 Nf8 19. Nb6 Rd8 20. Qc3 Ra7 21.
Bxe6 Nxe6 22. Qxc6 Rc7 23. Qb5 Rxc1+ 24. Rxc1 Nac7 25. Qc6 Rd3 26. Rc3 Qd8 27. Nd5 Rd1+ 28. Kf2 Nxd5 29. exd5 Rxd5 30. Qc8 e4 31. Qxd8+ Rxd8 32.
Rb3 exf3 33. Kxf3 Kf8 34. b5 Rb8 35. Ba7 Rb7 36. b6 Ke7 37. Ke4 Nc5+ 38. Kd5 Nxb3 39. Kc6 Na5+ 40. Kb5 Nb3 41. Kc6 Na5+ 42. Kb5 Kd7 43.
Kxa5 Kc6 44. Nc1 Bc3+ 45. Ka4 Bd4 46. Nd3 Bxb6 47. Ne5+ Kc7 48. Bxb6+ Rxb6 49. Nxf7 Rb2 50. Ng5 Rxg2 51. Nxh7 Kd6 52. Kb4 Ke5 53. Kc4 Rxh2 54. Nf8 g5 55. Kd3 Kf4 56. Ne6+ Kg4 57. Ke3 Rh3+ 58. Kf2 Ra3 59. Nc5 Kh3 60. Ne6 Ra2+ 61. Kg1 g4 62. Ng5+ Kh4 63. Ne4 g3 64. Nc3 Kh3 65.
Nxa2 g2 66. Nc3 Kg3 67. Nd5 Kf3 68. Ne3 Kg3 69. Nxg2 1/2-1/2

[Event "*** Titled Tuesday Blitz"]
[Site "Chess.com"]
[Date "2021.04.06"]
[Round "5"]
[White "VD_coach"]
[Black "NishaOnYoutube"]
[Result "1-0"]
[WhiteElo "2512"]
[BlackElo "2262"]
[TimeControl "180+1"]
[EndTime "10:59:00 PDT"]
[Termination "VD_coach won by checkmate"]

1. Nf3 f5 2. d4 g6 3. c3 Bg7 4.
g3 Nf6 5. Qb3 d5 6. Bg2 c6 7. O-O O-O 8. Ne5 Qb6 9. Nd2 Nbd7 10.
Ndf3 Ne4 11. Nxd7 Bxd7 12. Ne5 Be6 13. Nd3 Kh8 14. Bf4 g5 15. Be5 Qxb3 16. axb3 Nd2 17. Rfd1 Bxe5 18. Nxe5 Ne4 19. b4 a6 20. Nd3 f4 21.
Nc5 Nxc5 22. bxc5 fxg3 23. hxg3 Bg4 24. Rd2 Rf6 25. Re1 Raf8 26. e4 Re6 27. Re3 dxe4 28.
Rxe4 Rxe4 29. Bxe4 Bf3 30. Bxf3 Rxf3 31. Re2 Rf7 32.
Kg2 Kg7 33. Re5 h6 34. b4 Kf6 35. Kf3 Rf8 36. Kg4 Rd8 37. Kh5 e6 38. f3 Rf8 39.
Re4 Rg8 40. f4 g4 41. Re5 Rg7 42. c4 Rg8 43. d5 cxd5 44. cxd5 exd5 45. Rxd5 Rg7 46. Rd6+ Ke7 47. Kxh6 Rf7 48. Kg5 Rg7+ 49. Rg6 Rf7 50. f5 Kd7 51. Kxg4 Re7 52. Re6 Rxe6 53.
fxe6+ Kxe6 54. Kf4 Kf6 55. g4 Kg6 56. Ke5 Kg5 57.
Kd6 Kxg4 58. Kc7 Kf5 59. Kxb7 Ke6 60. Kxa6 Kd5 61. Kb7 Kc4 62. c6 Kxb4 63. c7 Kb3 64. c8=Q Kb4 65. Qf5 Kb3 66. Kb6 Kb2 67. Qf3 Kc2 68.
Kc5 Kb2 69. Kc4 Ka2 70. Qf2+ Kb1 71. Kb3 Ka1 72. Qf1# 1-0

[Event "*** Titled Tuesday Blitz"]
[Site "Chess.com"]
[Date "2021.04.06"]
[Round "5"]
[White "GMHess"]
[Black "ural58"]
[Result "1/2-1/2"]
[WhiteElo "2750"]
[BlackElo "2483"]
[TimeControl "180+1"]
[EndTime "10:59:01 PDT"]
[Termination "Game drawn by repetition"]

1. b3 e5 2. Bb2 Nc6 3. e3 d5 4. Bb5 Bd6 5. Nf3 Qe7 6. d4 e4 7. Ne5 Bd7 8. Nxd7 Qxd7 9. c4 a6 10. Ba4 Bb4+ 11. Kf1 dxc4 12. bxc4 Nf6 13. d5 O-O-O 14.
Nc3 Bxc3 15. Bxc3 Qf5 16. Bxc6 bxc6 17. Qa4 cxd5 18. Qxa6+ Kd7 19. Rd1 Ke8 20. Qc6+ Kf8 21. Qxc7 Rc8 22. Qd6+ Kg8 23. Bxf6 Qxf6 24. Qxf6 gxf6 25.
cxd5 Kg7 26. g3 Rc2 27. Kg2 Rxa2 28. Rd4 f5 29. d6 Rd8 30. Rhd1 Rd7 31. Rd5 Kf6 32. g4 fxg4 33. Kg3 Kg6 34. R1d2 Rxd2 35. Rxd2 Kf5 36. Rd5+ Ke6 37. Rh5 Rxd6 38. Rh6+ f6 39. Kxg4 Rd2 40. Kg3 Rd7 41. Kf4 Rd2 42. Kg3 Rd8 43. h3 Rg8+ 44. Kf4 Rg2 45. Kxe4 Rxf2 46. Rxh7 Ra2 47. h4 Ra4+ 48. Kf3 Kf5 49. Rh8 Kg6 50. e4 Ra1 51. Ke3 Re1+ 52. Kf4 Rf1+ 53. Kg3 Rg1+ 54. Kf3 Rf1+ 55. Ke2 Rh1 56. Ke3 Re1+ 57. Kd4 Rd1+ 58.
Kc4 Rd2 59. Kc5 Rd1 60. Rg8+ Kf7 61. Rg4 Ke6 62. h5 Rh1 63. Kd4 Rxh5 64. Rf4 Ra5 65. Rh4 Ra4+ 66. Ke3 Ra3+ 67. Kf4 Ra1 68. Rh8 Rf1+ 69.
Ke3 Re1+ 70. Kd4 Rd1+ 71. Ke3 Re1+ 72. Kd3 Rd1+ 73. Ke2 Ra1 74. Ke3 Re1+ 1/2-1/2

[Event "*** Titled Tuesday Blitz"]
[Site "Chess.com"]
[Date "2021.04.06"]
[Round "5"]
[White "Pawnpusherschessaccademy"]
[Black "WiktoriaPOL"]
[Result "0-1"]
[WhiteElo "2219"]
[BlackElo "2044"]
[TimeControl "180+1"]
[EndTime "10:59:01 PDT"]
[Termination "WiktoriaPOL won by resignation"]

1. d4 d5 2. c4 e5 3. dxe5 d4 4. Nf3 Nc6 5. a3 a5 6. Nbd2 a4 7. g3 Nge7 8. Ne4 Ng6 9. Bg5 Be7 10. Bf4 Bf5 11. Ned2 O-O 12. Bg2 d3 13. e4 Nxf4 14.
gxf4 Bg4 15. O-O Nd4 16. h3 Bh5 17. b3 Ne2+ 18. Kh2 Nxf4 19. bxa4 Ra6 20. Rg1 Rg6 21. Bh1 Qd7 22. Qf1 Rxg1 23. Nxg1 Be2 24. Qb1 Bh4 25.
Qe1 Qe6 26. Rb1 Qxe5 27. Ndf3 Qh5 28. Qd2 Qh6 29. Rb5 Bxf2 30. Rf5 Bxg1+ 31. Nxg1 g5 32. Qe3 Bg4 33. Qg3 Bxf5 34. exf5 f6 35. Bd5+ Nxd5 36. Nf3 Nf4 37. Nd4 Qg7 38. Nb5 Qe7 39. Qf3 d2 40. Kg3 d1=Q 41. Qxd1 Qe3+ 42. Qf3 Qxf3+ 43. Kxf3 Rd8 44.
Nxc7 Rd3+ 45. Ke4 Rxa3 46. Nd5 Nxh3 47. Nxf6+ Kf7 48. Ng4 h5 49. Ne5+ Kf6 50. Nd7+ Ke7 51. Nc5 Kd6 52. Nxb7+ Kc6 53. Na5+ Kb6 54. f6 Nf4 55. f7 Ng6 56. Kf5 Nf8 57. c5+ Kxa5 58. Kf6 Rf3+ 59. Kg7 Nd7 60. Kg6 Nxc5 61. Kxg5 Nd7 62.
Kg6 Ne5+ 63. Kg5 Rxf7 64. Kxh5 Kxa4 65. Kg5 Kb5 66. Kh5 Kc5 67. Kg5 Kd5 68. Kh5 Ke4 69. Kg5 Rg7+ 0-1

[Event "*** Titled Tuesday Blitz"]
[Site "Chess.com"]
[Date "2021.04.06"]
[Round "5"]
[White "BogdanDeac"]
[Black "DeTimmerman"]
[Result "1-0"]
[WhiteElo "3062"]
[BlackElo "2838"]
[TimeControl "180+1"]
[EndTime "10:59:02 PDT"]
[Termination "BogdanDeac won by resignation"]

1. e4 e5 2. Nf3 Nc6 3. Bc4 Nf6 4. Ng5 Bc5 5. Bxf7+ Ke7 6. Bb3 Rf8 7. O-O h6 8.
Nf3 d6 9. c3 Bg4 10. h3 Bh5 11. d4 exd4 12. Qd3 Bxf3 13. Qxf3 Ne5 14. Qg3 g5 15. cxd4 Bxd4 16. Nc3 Qe8 17. Be3 Bxc3 18. bxc3 Nh5 19. Qh2 Nf4 20. f3 b5 21. Kh1 a5 22.
g3 Nh5 23. f4 Qg6 24. f5 Qe8 25. Bd4 Nf6 26. Bxe5 dxe5 27. g4 Kd7 28. Be6+ Kc6 29. Qxe5 Qe7 30. a4 Rab8 31. Rfb1 Qc5 32. axb5+ Rxb5 33. Qxc5+ Rxc5 34. Ra4 Rd8 35. Rb2 Rd3 36. Kg2 Rdxc3 37.
Re2 Re5 38. Rd4 Kc5 39. Ra4 Kb5 40. Rd4 a4 41. Rb2+ Ka5 42. Rb8 a3 43. Ra8+ Kb6 44. Rda4 Nxe4 45. Rxa3 Rxa3 46. Rxa3 Nc5 47. Bc4 Re4 48.
Bf1 Rf4 49. Re3 Ne4 50. Bd3 Nc5 51. Bc2 Nd7 52. Re6+ Kb5 53. Rxh6 Rd4 54. Kf3 c5 55. Ke3 Ne5 56. Re6 Nc4+ 57. Kf3 Rf4+ 58. Kg3 Kb4 59. Be4 Kc3 60. f6 Nd2 61. Bf5 Nf3 62. f7 Nh4 63. f8=Q Rf3+ 64. Kh2 Rf2+ 65. Kg1 Rg2+ 66. Kf1 Rd2 67.
Qf6+ Kb3 68. Qxg5 Rd1+ 69. Ke2 Re1+ 70. Kxe1 Nf3+ 71. Kf2 Nxg5 72. Rb6+ Kc3 73. h4 1-0

[Event "*** Titled Tuesday Blitz"]
[Site "Chess.com"]
[Date "2021.04.06"]
[Round "5"]
[White "Meri-Arabidze"]
[Black "EvgenyT"]
[Result "1/2-1/2"]
[WhiteElo "2652"]
[BlackElo "2920"]
[TimeControl "180+1"]
[EndTime "10:59:02 PDT"]
[Termination "Game drawn by repetition"]

1. Nf3 d5 2. d4 Nf6 3. c4 e6 4. g3 Bb4+ 5. Bd2 Be7 6. Bg2 O-O 7. O-O c6 8. Qc2 Nbd7 9. Rd1 b6 10. Bf4 Ba6 11. b3 Rc8 12. Nc3 Qe8 13. h3 h6 14. g4 dxc4 15. Nd2 Nd5 16. Bg3 cxb3 17. axb3 Nxc3 18. Qxc3 Bxe2 19. Re1 Bb5 20. Rxa7 Nf6 21. Nc4 Nd5 22. Qf3 Qd8 23. Be5 Ra8 24. Rea1 Rxa7 25.
Rxa7 Bb4 26. Qg3 Re8 27. Qf3 Re7 28. Ra1 Rd7 29. h4 Qxh4 30. Ra8+ Bf8 31. Qe4 Rd8 32. Ra7 Qg5 33. Qf3 Nf6 34. Bxf6 Qxf6 35. Qxf6 gxf6 36. Nxb6 Rxd4 37. Nd7 Kg7 38. Nxf8 Kxf8 39. Rc7 Rxg4 40. Kh2 Rb4 41. Bf3 Rxb3 42. Bh5 f5 43. Rxf7+ Kg8 44. Rc7 Rc3 45. Bf7+ Kf8 46. Bxe6 Rc5 47. Kg3 Ke8 48. f4 Bd3 49. Kh4 Be4 50. Kh5 Rc1 51.
Kxh6 Rg1 52. Bc4 Kd8 53. Rf7 Rg4 54. Be6 Rxf4 55. Kg5 Rf1 56. Kf6 Rh1 57. Rd7+ Ke8 58. Ra7 Rh6+ 59. Ke5 Kf8 60. Ra8+ Ke7 61. Ra7+ Kf8 62.
Rf7+ Ke8 63. Ra7 Kf8 1/2-1/2

[Event "*** Titled Tuesday Blitz"]
[Site "Chess.com"]
[Date "2021.04.06"]
[Round "5"]
[White "Keks2017"]
[Black "Triumphmate"]
[Result "1-0"]
[WhiteElo "2535"]
[BlackElo "2367"]
[TimeControl "180+1"]
[EndTime "10:59:02 PDT"]
[Termination "Keks2017 won by checkmate"]

1. g3 d5 2. Bg2 e6 3. Nf3 Be7 4.
O-O Nf6 5. d3 O-O 6. Nbd2 c5 7.
e4 Nc6 8. Re1 d4 9. e5 Nd5 10.
Nf1 f6 11. exf6 Bxf6 12. N1d2 Bd7 13. Ne4 Qe7 14. Nfd2 b5 15. Qe2 Rae8 16. a3 Kh8 17.
h4 h6 18. Nf3 e5 19. Nh2 c4 20.
dxc4 bxc4 21. Qxc4 Nb6 22. Qe2 Qf7 23. Nd6 Qg6 24. Nxe8 Rxe8 25. Be4 Qf7 26. h5 Rc8 27. Qf3 Ne7 28. Ng4 Qxh5 29. Nxf6 Qxf3 30. Bxf3 gxf6 31.
Bxh6 Rxc2 32. Rac1 Rxb2 33. Rc7 Nf5 34. Bf8 Kg8 35.
Bc5 Be6 36. Rxa7 Nd5 37. Rc1 Nc3 38. Bb4 Rb3 39. Bd1 Nxd1 40. Rxd1 d3 41. Rc1 Nd4 42. Rcc7 Rb1+ 43. Kh2 Nf3+ 44. Kg2 Bf7 45. Ra8+ Kg7 46.
Kxf3 d2 47. Bxd2 Kg6 48. Raa7 Bd5+ 49. Ke2 Rb3 50. a4 Bf3+ 51. Ke1 e4 52. a5 Rb1+ 53. Bc1 Rb5 54. a6 Rd5 55. Bd2 Ra5 56. Rc1 Kh5 57. Be3 Kg4 58. Rg7+ Kh3 59. Kf1 f5 60. Kg1 f4 61.
gxf4 Rxa6 62. f5 Bg4 63. Rh7+ Bh5 64. Rxh5+ Kg4 65. Rg5+ Kh4 66. Rg3 Rf6 67. Bg5+ Kh5 68. Bxf6 e3 69. Rxe3 Kg4 70. Ba1 Kxf5 71. Kg2 Kg4 72.
Rce1 Kh5 73. Rg3 Kh6 74. Rh1# 1-0

[Event "*** Titled Tuesday Blitz"]
[Site "Chess.com"]
[Date "2021.04.06"]
[Round "5"]
[White "serena-maria"]
[Black "bratkoo"]
[Result "0-1"]
[WhiteElo "2380"]
[BlackElo "2556"]
[TimeControl "180+1"]
[EndTime "10:59:04 PDT"]
[Termination "bratkoo won on time"]

1. Nf3 e6 2. c4 d5 3. g3 Nf6 4.
Bg2 c5 5. O-O d4 6. d3 Nc6 7. e3 Bd6 8. exd4 cxd4 9. a3 a5 10. b4 axb4 11. Bb2 bxa3 12. Nxa3 e5 13. Nb5 Rxa1 14. Qxa1 O-O 15. Nxd6 Qxd6 16. Ba3 Qc7 17.
Bxf8 Kxf8 18. Qa3+ Kg8 19. Re1 h6 20. Qc5 Nd7 21.
Qb5 Qd6 22. Nh4 Nc5 23. Ra1 Bd7 24. Be4 g6 25. Nf3 Ne7 26. Qb1 b6 27. Ra7 f5 28.
Bd5+ Nxd5 29. cxd5 b5 30. Qb4 Qxd5 31. Nd2 e4 32.
Rc7 e3 33. Rxc5 exd2 34. Rxd5 d1=Q+ 35. Kg2 Bc6 36. Qd6 Bxd5+ 37. Qxd5+ Kf8 38. Qc5+ Kf7 39. Qd5+ Ke7 40. Qxd4 Qe1 41. Qc5+ Ke6 42. Qxb5 Qe2 43. Qc6+ Kf7 44. Qd5+ Kf6 45. Qd6+ Kf7 46. Qd5+ Kf6 47. Qf3 Qc2 48. d4 Qc7 49. h4 h5 50. Qe3 Qd6 51.
Qg5+ Kf7 52. Qd2 Qd5+ 53. Kh2 Ke6 54. Qe3+ Qe4 55. Qg5 Kf7 56. Qd2 Ke6 57. Kg1 Kd5 58. Kf1 Qxd4 59. Qa5+ Ke4 60. Qa8+ Kd3 61. Qa3+ Qc3 62.
Qd6+ Kc2 63. Qxg6 Qf3 64. Qf6 Kd2 0-1

[Event "*** Titled Tuesday Blitz"]
[Site "Chess.com"]
[Date "2021.04.06"]
[Round "5"]
[White "seorobert1971"]
[Black "Nf3c5"]
[Result "1-0"]
[WhiteElo "2762"]
[BlackElo "2529"]
[TimeControl "180+1"]
[EndTime "10:59:06 PDT"]
[Termination "seorobert1971 won by checkmate"]

1. e4 c5 2. Nc3 a6 3. Nge2 e6 4.
g3 b5 5. Bg2 Bb7 6. O-O Nf6 7.
d3 d6 8. f4 Nc6 9. h3 Be7 10.
g4 Nd7 11. Be3 Qc7 12. Qd2 b4 13. Na4 h6 14. c3 a5 15. d4 Ba6 16. f5 bxc3 17.
bxc3 Rb8 18. Rfb1 O-O 19. Nf4 exf5 20. Nd5 Qd8 21. gxf5 cxd4 22. cxd4 Bg5 23. Rxb8 Ndxb8 24. Rc1 Nb4 25. Nxb4 Bxe3+ 26. Qxe3 axb4 27. Nb2 Nd7 28. Nc4 Bxc4 29. Rxc4 d5 30. Rxb4 dxe4 31. Qxe4 Qa5 32. Rb2 Nf6 33. Qf4 Qc3 34. Qd2 Qg3 35. Qf2 Qc3 36.
Rc2 Qa3 37. Kh2 Rd8 38. Rd2 Qc3 39. Rd1 Nh5 40. Qf3 Qc7+ 41. Kg1 Nf6 42. Kh1 Qa7 43.
Qf2 Qa4 44. Rd2 Qb4 45. d5 Qd6 46. Qd4 Nh5 47. Kg1 Rb8 48. Rd1 Ng3 49. Qf2 Qe5 50. Re1 Qd6 51. f6 g5 52. Qf3 h5 53. a4 h4 54. a5 Qa6 55. Qg4 Qxf6 56. Kh2 Rd8 57. a6 Kg7 58. a7 Ra8 59. d6 Rxa7 60. Rd1 Ra8 61. Rd5 Rd8 62. Rxg5+ Kf8 63. Rg8# 1-0

[Event "*** Titled Tuesday Blitz"]
[Site "Chess.com"]
[Date "2021.04.06"]
[Round "5"]
[White "Niktlt"]
[Black "GadimbayliA"]
[Result "0-1"]
[WhiteElo "2581"]
[BlackElo "2793"]
[TimeControl "180+1"]
[EndTime "10:59:09 PDT"]
[Termination "GadimbayliA won by checkmate"]

1. e4 e5 2. Bc4 Nf6 3. d3 c6 4. Nf3 d5 5. Bb3 Bb4+ 6. Bd2 Bd6 7. Bg5 Be6 8. exd5 cxd5 9. O-O O-O 10. Re1 Nc6 11. Nc3 Qa5 12. Bxf6 gxf6 13. Nh4 Ne7 14.
Qh5 Kh8 15. Qh6 Ng8 16. Qh5 Ne7 17. Qh6 Ng6 18. Qh5 Rg8 19. Nxg6+ Rxg6 20. Qf3 Bb4 21. g3 Rc8 22. h4 Kg7 23. Re2 Bxc3 24. bxc3 Bg4 25.
Qe3 Bxe2 26. Qxe2 Qxc3 27. Re1 Qc5 28. Qf3 Qb4 29. Re3 Rd8 30. Kg2 Qxh4 31. Bxd5 Qg4 32. Bxb7 Qxf3+ 33. Bxf3 Re8 34. Re4 f5 35. Ra4 Re7 36.
Bd5 Rd6 37. c4 Kf6 38. Ra5 h5 39. Kf3 Kg5 40. a4 h4 41. gxh4+ Kxh4 42. Rc5 Kg5 43. a5 Kf6 44. Rb5 Rd8 45. Ke3 Rd6 46. f3 Kg5 47. Rc5 f6 48. Rb5 f4+ 49. Kd2 Kh4 50.
Rb8 Kg3 51. Ke2 Rg7 52. Be4 Ra6 53. Rb5 Rd6 54. c5 Rd4 55. c6 Rd8 56. a6 Rc8 57.
Rb7 Rgc7 58. Kd2 f5 59. Bd5 Rxc6 60. Bxc6 Rxc6 61. Rxa7 Kxf3 62. Ra8 e4 63. a7 e3+ 64. Kd1 Ra6 65. Kc2 e2 66. d4 e1=Q 67. d5 Qe4+ 68.
Kc3 Ra3+ 69. Kb2 Qb4+ 70. Kc2 Qc3+ 71. Kd1 Ra1# 0-1

[Event "*** Titled Tuesday Blitz"]
[Site "Chess.com"]
[Date "2021.04.06"]
[Round "5"]
[White "Orest_Vovk"]
[Black "Evgeny81"]
[Result "1/2-1/2"]
[WhiteElo "2586"]
[BlackElo "2772"]
[TimeControl "180+1"]
[EndTime "10:59:12 PDT"]
[Termination "Game drawn - insufficient material"]

1. d4 d5 2. Nf3 Nf6 3. Bg5 e6 4. Nbd2 Be7 5. e3 b6 6. Bd3 Bb7 7. Ne5 Nfd7 8. Bxe7 Qxe7 9. f4 c5 10. c3 a5 11. O-O Ba6 12. Bxa6 Nxa6 13. Qa4 f6 14. Nd3 O-O 15. e4 c4 16. Nf2 Qd6 17. e5 Qe7 18. Rae1 fxe5 19. fxe5 Rab8 20. Nh3 Nc7 21. Qc6 Rbc8 22. Rxf8+ Kxf8 23. Ng5 h6 24.
Rf1+ Kg8 25. Qd6 Qxd6 26. exd6 hxg5 27. dxc7 Rxc7 28. Nf3 g4 29. Ng5 Rc6 30. Rf4 Nf6 31.
Rf2 b5 32. Re2 b4 33. Nxe6 bxc3 34. bxc3 Ne4 35. Nf4 Nxc3 36. Re3 Nb5 37. Nxd5 Rd6 38. Ne7+ Kf7 39. Nf5 Rd5 40. Re5 Rxe5 41. dxe5 Ke6 42. Ne3 c3 43. Kf2 Kxe5 44. Nxg4+ Kd4 45. Ke2 Kc4 46. Ne3+ Kb4 47. Nc2+ Kc4 48. Ne3+ Kd4 49. Nc2+ Ke4 50. g4 Nd6 51. h4 Nf7 52. g5 g6 53.
Ne3 Ne5 54. Nd1 c2 55. Nf2+ Kd4 56. Kd2 Nf3+ 57. Kxc2 Nxh4 58. Nd3 Nf3 59. Nf4 Ne5 60. Kb3 Ke4 61. Nxg6 Nxg6 62. Ka4 Kf5 63. Kxa5 Ne5 64.
Kb6 Nc4+ 65. Kb5 Nd6+ 66. Kc5 Ne4+ 67. Kb6 Nc3 68. a3 Kxg5 69. Kc5 Kf6 70. Kb4 Nd5+ 71. Kc4 Ke5 72. a4 Nb6+ 73. Kb5 Nxa4 1/2-1/2

[Event "*** Titled Tuesday Blitz"]
[Site "Chess.com"]
[Date "2021.04.06"]
[Round "5"]
[White "Gusarov91"]
[Black "Treacherous_horse64"]
[Result "1-0"]
[WhiteElo "2629"]
[BlackElo "2417"]
[TimeControl "180+1"]
[EndTime "10:59:13 PDT"]
[Termination "Gusarov91 won by checkmate"]

1. d4 d5 2. Nf3 Nf6 3. c4 e6 4.
g3 dxc4 5. Bg2 c5 6. O-O Nc6 7. Qa4 cxd4 8. Nxd4 Qxd4 9. Bxc6+ bxc6 10. Qxc6+ Qd7 11.
Qxa8 Bc5 12. Nc3 O-O 13. Rd1 Qc7 14. Qg2 Bb7 15. e4 Ng4 16. Rf1 f5 17. Bf4 e5 18.
Bd2 fxe4 19. Be3 Nxe3 20. fxe3 Bxe3+ 21. Kh1 Rf3 22. Rad1 Bd4 23. Nb5 Qf7 24. Nd6 Qd5 25. Nxb7 Qxb7 26. b3 c3 27. Rde1 Qc6 28. Re2 h6 29. Rfe1 Rd3 30. Rc1 Be3 31. Rf1 Bd2 32. Qxe4 Qxe4+ 33. Rxe4 c2 34. Rc4 c1=Q 35. Rcxc1 Bxc1 36.
Rxc1 Rd2 37. Rc8+ Kh7 38. a4 a5 39. Re8 Rd3 40. Rxe5 Rxb3 41. Rxa5 Rb2 42. Ra6 Ra2 43. Kg1 Kg8 44. Ra7 Kh7 45. h4 h5 46.
Ra5 Kh6 47. Kf1 g6 48. Ra6 Ra1+ 49. Kf2 Ra3 50. Kg2 Kh7 51. Ra7+ Kh6 52. Ra8 Kh7 53.
Kh3 Kh6 54. a5 Kh7 55. a6 Kg7 56. Kg2 Ra1 57. Kf3 Ra3+ 58. Kf4 Ra4+ 59. Ke5 Ra5+ 60.
Ke6 Ra1 61. Kd6 Rd1+ 62. Kc6 Rb1 63. Rd8 Rc1+ 64. Kb7 Rb1+ 65. Ka8 Ra1 66. a7 Rb1 67. Rd7+ Kh6 68. Rb7 Rf1 69. Kb8 Rf8+ 70. Kc7 Rf7+ 71.
Kb6 Rf6+ 72. Kb5 Rf5+ 73. Kb4 Rf1 74. a8=Q Rb1+ 75. Kc3 Rb5 76. Qh8# 1-0

[Event "*** Titled Tuesday Blitz"]
[Site "Chess.com"]
[Date "2021.04.06"]
[Round "5"]
[White "Angry_Twin"]
[Black "A-Fier"]
[Result "1-0"]
[WhiteElo "2886"]
[BlackElo "2720"]
[TimeControl "180+1"]
[EndTime "10:59:16 PDT"]
[Termination "Angry_Twin won by resignation"]

1. e4 c5 2. Nf3 e6 3. d4 cxd4 4.
Nxd4 Nf6 5. Nc3 Nc6 6. Nxc6 bxc6 7. e5 Nd5 8. Ne4 Qc7 9. f4 Qb6 10. c4 Bb4+ 11. Ke2 f5 12. Nf2 Ne7 13. Nd3 Ng6 14. Be3 Qa5 15. a3 Be7 16. b4 Qd8 17. c5 O-O 18. g3 Ba6 19. Kf2 Bc4 20.
Bg2 Rf7 21. Qc2 Bd5 22. Nc1 Nf8 23. Ne2 g5 24. Nd4 Ng6 25. Bxd5 exd5 26. Nxf5 gxf4 27.
gxf4 d4 28. Bxd4 Qf8 29. Nxe7+ Qxe7 30. Rhg1 Qh4+ 31. Ke2 Rxf4 32. Be3 Re4 33. Raf1 Qxh2+ 34. Rf2 Qxg1 35. Qxe4 Qg3 36. e6 Re8 37. Qf5 Rxe6 38. Rf3 Qh2+ 39. Kd1 Qe5 40. Qf7+ Kh8 41. Bd2 Qg7 42.
Bc3 Ne5 43. Qf8+ Qxf8 44. Rxf8+ Kg7 45. Rf5 Kg6 46. Rxe5 Rf6 47. Re2 Rf3 48. Kc2 h5 49. Rg2+ Kf5 50. Rd2 Ke6 51. Re2+ Kf7 52. Rd2 Ke6 53.
Rd6+ Ke7 54. Rh6 Rf5 55. Rh7+ Ke6 56. Rh6+ Ke7 57. Bd2 a6 58. Kd3 Rf3+ 59. Be3 Rh3 60. Ke4 Kd8 61. a4 Kc7 62. Bf4+ Kb7 63. Rh7 Kc8 64. Rh8+ Kb7 65. Rd8 Rb3 66. Rxd7+ Kc8 67. Rc7+ Kd8 68. Rxc6 Rxb4+ 69. Kf5 Rxa4 70. Bg5+ Kd7 71. Rd6+ Kc7 72. Bd8+ Kc8 73. c6 Rb4 74. Ke6 Re4+ 75. Kf5 Rb4 76. Ke6 Re4+ 77. Kd5 Re1 78.
Kc5 Rc1+ 79. Kb6 h4 80. Ka7 h3 81. Bb6 Rxc6 82. Rxc6+ Kd7 83. Rh6 1-0